 Dungeon Crawl Stone Soup version 0.30-a0-305-g026cb31310 (webtiles) character file.

Game seed: 17257245735782276451

31 Sobieck the Ruffian (level 3, 30/30 HPs)
             Began as a Ghoul Warper on Oct 23, 2022.
             Safely got out of the dungeon.
             The game lasted 00:01:19 (924 turns).

Sobieck the Ruffian (Ghoul Warper)                   Turns: 924, Time: 00:01:20

Health: 30/30      AC:  3    Str: 14    XL:     3   Next: 22%
Magic:  4/4        EV: 11    Int:  8    God:
Gold:   47         SH:  0    Dex: 10    Spells: 5/5 levels left

rFire   . . .      SeeInvis .      - Unarmed
rCold   + . .      Faith    .    (no shield)
rNeg    + + +      Spirit   .    a - +0 leather armour
rPois   ∞          Reflect  .    (no helmet)
rElec   .          Harm     .    (no cloak)
rCorr   .          Rampage  .    (no gloves)
Will    .....                    (no boots)
Stlth   +.........               (no amulet)
HPRegen 0.25/turn                (no ring)
MPRegen 0.09/turn                (no ring)

@: no status effects
A: claws 1, cold resistance 1, negative energy resistance 3, inhibited
regeneration, torment resistance 2, devour on kill
a: no special abilities


You escaped.
You visited 1 branch of the dungeon, and saw 1 of its levels.

You collected 47 gold pieces.


Innate Abilities, Weirdness & Mutations

You are immune to poison.
You have sharp fingernails.
Your flesh is cold resistant. (rC+)
You are immune to negative energy. (rN+++)
You do not regenerate when monsters are visible.
You are immune to unholy pain and torment.
You thrive by killing the living.


   Skills:
 + Level 2.8 Fighting
 - Level 0.8 Throwing
 - Level 0.8 Armour
 - Level 1.7 Dodging
 * Level 3.4 Unarmed Combat
 - Level 1.7 Spellcasting
 - Level 2.6 Translocations


You had 5 spell levels left.
You didn't know any spells.
Your spell library contained the following spells:

 Spells                   Type           Power      Damage    Failure   Level
 Blink                    Tloc           10%        N/A       22%         2
 Lesser Beckoning         Tloc           10%        N/A       41%         3
 Teleport Other           Tloc           5%         N/A       41%         3
 Scorch                   Fire           0%         2d5       56%         2
 Vhi's Electric Charge    Tloc/Air       4%         N/A       61%         3
 Manifold Assault         Tloc           5%         N/A       83%         4
 Flame Wave               Conj/Fire      0%         2d4       99%         4
 Summon Cactus Giant      Summ           0%         N/A       100%        6

Inventory:

Hand Weapons
 h - a +0 dagger {short}
   (You found it on level 1 of the Dungeon)
Missiles
 c - 7 boomerangs of dispersal (quivered) {=f!fthrowing}
 e - 5 stones {throwing}
 f - 3 javelins {throwing}
 l - 5 poisoned darts {throwing}
Armour
 a - a +0 leather armour (worn)
 d - a +0 leather armour
   (You found it on level 1 of the Dungeon)
 g - a +0 leather armour
   (You found it on level 1 of the Dungeon)
 i - a +0 ring mail
   (You found it on level 1 of the Dungeon)
 n - a +0 ring mail
   (You found it on level 1 of the Dungeon)
Scrolls
 b - a scroll of blinking {!r}
 j - 2 scrolls of torment {unknown}
 k - a scroll of identify {unknown}
Potions
 m - a potion of lignification {unknown}

Dungeon Overview and Level Annotations

Branches:
Dungeon (1/15) Zot: 5011

Altars:

#...........####
#.######.###...# ##.#
♣♣♣#.###...#
#.♣♣♣♣P♣♣♣♣......
#♣♣~~~~~~~♣♣....)
♣♣~♣♣♣♣♣♣♣~♣♣....
♣P~♣P~~~~♣♣~♣♣...
♣♣♣~♣♣~♣♣♣~♣♣~♣...
####♣@♣♣~♣~♣P♣~~♣~♣...
#...♣~~♣~♣~~~~♣~♣~♣♣##
#...♣♣~♣~~♣P♣~♣~♣~P♣
#....♣~♣♣~♣♣♣~♣~♣~♣♣##
######.#..♣♣~♣♣~~~♣♣~♣~♣...
#.........♣~♣♣~♣♣♣♣♣~♣♣~♣##.
#.#.#####...♣♣~♣♣~~~~~♣♣~♣♣
#. #>#.#
##....♣♣.♣♣♣♣♣♣♣~♣♣###.
##.#.#
#......♣♣~~~~~~~♣♣.....


There were no monsters in sight!


Message History

You kill the jackal!
You feel better. The jackal misses you.
You have reached level 3!
Your experience leads to an increase in your attributes!
Increase (S)trength, (I)ntelligence, or (D)exterity?
You feel agile. x2
Unknown command.
You closely miss the jackal. The jackal bites you.
You scratch the jackal but do no damage.
The jackal closely misses you.
You closely miss the jackal. The jackal bites you.
The jackal closely misses you.
You scratch the jackal.
The jackal bites you but does no damage.
You closely miss the jackal. The jackal misses you.
You scratch the jackal.
You kill the jackal!
You barely miss the jackal. The jackal barely misses you. The jackal bites you.
You barely miss the jackal. You claw the jackal.
You kill the jackal!
You feel better.
No target in view!
No target in view!
You see here a jackal corpse.
There is an escape hatch in the floor here.
A bat comes into view.
You see here a +0 ring mail.
Danger!
You scratch the bat.
You kill the bat!
No target in view!
No target in view!
n - a +0 ring mail A quokka comes into view.
Danger!
You scratch the quokka but do no damage.
The quokka bites you but does no damage.
You scratch the quokka.
The quokka bites you but does no damage.
The quokka bites you.
You scratch the quokka.
You kill the quokka!
You feel better.
No target in view!
No target in view!
A kobold comes into view. It is wielding a +0 dagger.
The kobold shouts!
Danger!
A goblin comes into view. It is wielding a +0 dagger.
The goblin shouts!
The kobold closely misses you.
You barely miss the kobold. The kobold barely misses you.
You scratch the kobold. The kobold hits you with a +0 dagger.
You closely miss the kobold. The kobold closely misses you.
You closely miss the kobold. Your claw misses the kobold.
The kobold hits you with a +0 dagger. The goblin hits you with a +0 dagger.
You scratch the kobold. The kobold closely misses you.
The goblin hits you but does no damage.
You scratch the kobold.
You kill the kobold!
The goblin hits you with a +0 dagger.
You are too injured to fight recklessly!
You are too injured to fight recklessly!
You are too injured to fight recklessly!
You are too injured to fight recklessly!
You are too injured to fight recklessly!
You scratch the goblin. The goblin hits you with a +0 dagger.
You barely miss the goblin. The goblin hits you with a +0 dagger.
You claw the goblin!
You kill the goblin!
You feel better.
You start resting.
You see here a +0 dagger {short}.
You see here a quokka corpse.
A kobold comes into view. It is wielding a +0 short sword.
The kobold shouts!
Danger!
You claw the kobold!
You kill the kobold!
No target in view!
No target in view!
No target in view!
You see here a +0 short sword {short}.
You pick up a book of Scorching and begin reading...
You add the spells Scorch, Flame Wave and Summon Cactus Giant to your library.
You now have 47 gold pieces (gained 3).
You see here a +0 short sword {short}.
You see here a +0 spear {polearm}.
You enter the shallow water.
Moving in this stuff is going to be slow.
You enter the shallow water.
Moving in this stuff is going to be slow.
There is a staircase leading out of the dungeon here.
You can't go down here!
Are you sure you want to leave the Dungeon?
This will make you lose the game!
Alright, then stay!
Unknown command.
Unknown command.
Are you sure you want to leave the Dungeon?
This will make you lose the game!
You have escaped!

Skill      XL: |  1  2 |
---------------+-------+-----
Unarmed Combat | 3 |  3.4
Fighting       | |  2.8
Throwing       | |  0.8
Armour         | |  0.8
Dodging        | |  1.7
Spellcasting   | |  1.7
Translocations | |  2.6

Action                   || total
-------------------------++-------
Melee: Unarmed           ||    89
       Punch             ||     2
Armor: Leather armour    ||    21
Dodge: Dodged            ||    44

Levels and vault maps discovered:
D:1:      nagdon_arrival_double_spiral, layout_loops_ring

Notes
Turn   | Place    | Note
-------+----------+-------------------------------------------
     0 | D:1      | Sobieck the Ghoul Warper began the quest for the Orb.
     0 | D:1      | Reached XP level 1. HP: 17/17 MP: 2/2
   212 | D:1      | Reached XP level 2. HP: 22/25 MP: 3/3
   278 | D:1      | Reached skill level 3 in Unarmed Combat
   507 | D:1      | Reached XP level 3. HP: 29/30 MP: 4/4
   767 | D:1      | You pick up a book of Scorching and begin reading...
   767 | D:1      | You add the spells Scorch, Flame Wave and Summon Cactus
                  | Giant to your library.
   924 | D:$      | Safely got out of the dungeon.

Vanquished Creatures
  A dart slug (D:1)
  4 endoplasms (D:1)
  A giant cockroach (D:1)
  6 jackals (D:1)
  2 kobolds (D:1)
  4 quokkas (D:1)
  A ball python (D:1)
  A bat (D:1)
  2 frilled lizards (D:1)
  A goblin (D:1)
  3 rats (D:1)
26 creatures vanquished.

Table legend:
 A = Non-vault XP
 B = Vault XP
 C = Vault XP percentage of total XP
 D = Non-vault monster count
 E = Vault monster count
 F = Vault count percentage of total count
                 A         B        C        D         E       F
            +---------+---------+-------+---------+---------+-------
      Total |      45 |       0 |   0.0 |      26 |       0 |   0.0
            +---------+---------+-------+---------+---------+-------
        D:1 |      45 |       0 |   0.0 |      26 |       0 |   0.0
            +---------+---------+-------+---------+---------+-------

Illustrated notes

Table legend:
 A = Kills in this place as a percentage of kills in entire the game.
 B = Kills by you in this place as a percentage of kills by you in the entire game.
 C = Kills by friends in this place as a percentage of kills by friends in the entire game.
 D = Other kills in this place as a percentage of other kills in the entire game.
 E = Experience gained in this place as a percentage of experience gained in the entire game.
 F = Experience gained in this place divided by the number of levels of this place that you have seen.
                   A       B       C       D       E      F
               +-------+-------+-------+-------+-------+----------------------
         Total | 100.0 | 100.0 |   N/A |   N/A | 100.0 |  45.0
       Dungeon | 100.0 | 100.0 |   N/A |   N/A | 100.0 |  45.0
               +-------+-------+-------+-------+-------+----------------------

Table legend: (Time is in decaauts)
 A = Elapsed time spent in this place.
 B = Non-inter-level travel time spent in this place.
 C = Inter-level travel time spent in this place.
 D = Time resting spent in this place.
 E = Time spent auto-exploring this place.
 F = Levels seen in this place.
 G = Mean time per level.
                   A        B        C        D        E       F      G
               +--------+--------+--------+--------+--------+-----+--------+
         Total |    988 |    807 |    181 |     70 |    582 |   1 |  988.0 |
       Dungeon |    988 |    807 |    181 |     70 |    582 |   1 |  988.0 |
               +--------+--------+--------+--------+--------+-----+--------+

Top non-repeatable levels by time:
     D:1: 988 daAuts
